 Dungeon Crawl Stone Soup version 0.29-a0-819-g94b489e0ae (webtiles) character file.

Game seed: 13696762588383915249

24 ReploidZero the Gusty (level 3, -11/19 HPs)
             Began as a Tengu Air Elementalist on July 7, 2022.
             Killed from afar by Terence (30 damage)
             ... with a bolt of dispelling energy
             ... on level 2 of the Dungeon.
             The game lasted 00:01:40 (1074 turns).

ReploidZero the Gusty (Tengu Air Elementalist)      Turns: 1074, Time: 00:01:41

Health: -11/19     AC:  2    Str:  8    XL:     3   Next: 2%
Magic:  7/7        EV: 12    Int: 17    God:
Gold:   73         SH:  0    Dex: 14    Spells: 0/6 levels left

rFire   . . .      SeeInvis .   f - +1 dagger (venom)
rCold   . . .      Faith    .   (no shield)
rNeg    . . .      Spirit   .   a - +0 robe
rPois   .          Reflect  .   (helmet restricted)
rElec   .          Harm     .   (no cloak)
rCorr   .          Rampage  .   (no gloves)
Will    .....                   (boots unavailable)
Stlth   ++........              (no amulet)
HPRegen 0.06/turn               (no ring)
MPRegen 0.10/turn               (no ring)

@: no status effects
A: beak, talons 3
a: no special abilities


You were on level 2 of the Dungeon.
You visited 1 branch of the dungeon, and saw 2 of its levels.

You collected 73 gold pieces.

Inventory:

Hand Weapons
 f - a +1 dagger of venom (weapon)
Armour
 a - a +0 robe (worn)
Scrolls
 c - a scroll of identify {unknown}
 h - a scroll of teleportation {unknown}
Potions
 b - a potion of magic
 d - 2 potions of curing {unknown}
 e - a potion of berserk rage {unknown}
 g - a potion of haste {unknown}
 i - a potion of mutation {unknown}


   Skills:
 + Level 2.6 Dodging
 - Level 2.0 Stealth
 + Level 2.3 Spellcasting
 + Level 2.2 Conjurations
 + Level 4.4 Air Magic


You couldn't memorise any spells.
You knew the following spells:

 Your Spells              Type           Power      Damage    Failure   Level
a - Shock                 Conj/Air       52%        1d6       4%          1
b - Static Discharge      Conj/Air       13%        3-5/arc   8%          2
c - Swiftness             Air            16%        N/A       10%         3

Your spell library contained the following spells:

 Spells                   Type           Power      Damage    Failure   Level
 Airstrike                Air            8%         0-4+      30%         4
 Tukima's Dance           Hex            2%         N/A       50%         3
 Passage of Golubria      Tloc           2%         N/A       88%         4
 Yara's Violent Unravell  Hex/Tmut       1%         3d3       99%         5


Dungeon Overview and Level Annotations

Branches:
Dungeon (2/15)

Altars:

Annotations:
D:2 Terence


Innate Abilities, Weirdness & Mutations

You have a beak for a mouth.
You have claws for feet.


Message History

Confirm with . or Enter, or press ? or * to list all spells.
Okay, then.
Memorise Static Discharge, consuming 2 spell levels and leaving 3?
You start memorising the spell.
You continue memorising. x2
You finish memorising.
Spell assigned to 'b'.
This spell is extremely dangerous to cast!
Memorise Swiftness, consuming 3 spell levels and leaving 0?
You start memorising the spell.
You continue memorising. x3
You finish memorising.
Spell assigned to 'c'.
Unknown command.
Magic restored.
Key pressed, stopping explore.
HP restored.
You see here a +0 whip.
Found a stone staircase leading up.
You now have 73 gold pieces (gained 10).
i - a coppery potion A bat comes into view.
A bat is nearby!
A bat is nearby!
A bat is nearby!
The bat hits you but does no damage.
Terence the Incautious comes into view.
He is wielding a +1 flail of holy wrath and carrying a wand of quicksilver (10).
Terence shouts!
The bat hits you but does no damage. x2
You barely miss the bat. You claw the bat, but do no damage.
The bat hits you but does no damage.
You miss the bat. Your kick misses the bat.
The bat hits you but does no damage.
A hobgoblin comes into view.
The hobgoblin shouts!
You hit Terence.
Terence is poisoned.
You claw Terence.
Terence is moderately wounded.
The bat misses you. Terence misses you. Terence attacks as you move away!
Terence closely misses you. Terence attacks as you move away!
Terence closely misses you.
Terence zaps a wand.
The bolt of dispelling energy hits you!!
Ouch! That really hurt!
You die...

... ..# ...
#.#
#.#####.####
#.g....b..b#
# #@##.# .#
#.##.####.#
#@##.##...
#.##.##.##
#........##
####......#
####...#
#...# #...##
#....#
#..#.#


You could see Terence (very poisoned) and a bat.

Vanquished Creatures
  An adder (D:2)
  A bat (D:1)
  An endoplasm (D:1)
  3 goblins (D:1)
  A hobgoblin (D:1)
  A kobold (D:2)
  A quokka (D:1)
  3 ball pythons (D:1)
  A frilled lizard (D:1)
13 creatures vanquished.

Notes
Turn   | Place    | Note
-------+----------+-------------------------------------------
     0 | D:1      | ReploidZero the Tengu Air Elementalist began the quest for
                  | the Orb.
     0 | D:1      | Reached XP level 1. HP: 10/10 MP: 4/4
   453 | D:1      | Reached XP level 2. HP: 15/15 MP: 3/6
   836 | D:1      | You fall into a shaft and drop 1 floor!
   891 | D:2      | Reached XP level 3. HP: 9/19 MP: 1/7
   894 | D:2      | Learned a level 2 spell: Static Discharge
   898 | D:2      | Learned a level 3 spell: Swiftness
  1069 | D:2      | Noticed Terence
  1074 | D:2      | Killed from afar by Terence

Illustrated notes

Levels and vault maps discovered:
D:1:      roderic_octagonal_star, layout_rooms, serial_co_window_serial,
          co_window_paths_a, co_window_corner_a, co_window_corner_a,
          co_window_cross_1, co_window_paths_b, co_window_broadway_b,
          co_window_broadway_c, co_window_broadway_b, co_window_corner_cb,
          co_window_paths_d
D:2:      layout_loops_ring, minmay_joined_circles, uniq_terence

Skill      XL: |  1  2 |
---------------+-------+-----
Conjurations   | 2 |  2.2
Dodging        | |  2.6
Stealth        | |  2.0
Spellcasting   | |  2.3
Air Magic      | |  4.4

Action                   || total
-------------------------++-------
Melee: Dagger            ||    10
       Kick              ||     2
 Cast: Shock             ||    21
Armor: Robe              ||    10
Dodge: Dodged            ||    15

Table legend: (Time is in decaauts)
 A = Elapsed time spent in this place.
 B = Non-inter-level travel time spent in this place.
 C = Inter-level travel time spent in this place.
 D = Time resting spent in this place.
 E = Time spent auto-exploring this place.
 F = Levels seen in this place.
 G = Mean time per level.
                   A        B        C        D        E       F      G
               +--------+--------+--------+--------+--------+-----+--------+
         Total |   1073 |   1073 |      0 |      0 |    952 |   2 |  536.5 |
       Dungeon |   1073 |   1073 |      0 |      0 |    952 |   2 |  536.5 |
               +--------+--------+--------+--------+--------+-----+--------+

Top non-repeatable levels by time:
     D:1: 835 daAuts
     D:2: 237 daAuts
